AoeStats
← monniervictor

Pilgrims

509651397Analyzed
3v3 RM · 4d ago on Sep 27, 2026· 60m 3s· 6 players
Game mode
Random Map
Map size
Normal (6 player)
Population
200
Speed
Normal
Resources
Standard
Victory
Conquest
Starting age
Dark Age
Ending age
Imperial Age
RankedLock teamsTeams togetherTeam positionsShared explorationLock speedFull tech treeHidden civsTurbo modeCheats
Victory
Defeat
🇰🇷 Britons · South Korea
796
+13
🇻🇳 Khmer · Vietnam
791
+13
🇻🇳 Hindustanis · Vietnam
692
+17
🇫🇷 Franks · France
765
-16
🇩🇪 Persians · Germany
737
-15
🇵🇱 Poles · Poland
664
-12
Tunnes
11:36 Loom
15:46 Feudal Age
34:44 Castle Age
37:28 Thumb Ring
42:06 Double-Bit Axe
43:14 Fervor
48:14 Crossbowman
49:45 Horse Collar
51:47 Kamandaran
52:05 Heavy Plow
52:27 Stone Mining
52:27 Gold Mining
52:55 Bow Saw
55:35 Ballistics
55:06 Heated Shot
monniervictor
13:27 Feudal Age
15:33 Wheelbarrow
14:45 Double-Bit Axe
16:05 Stone Mining
19:55 Castle Age
24:09 Gold Mining
24:34 Scale Barding Armor
24:41 Forging
25:32 Pikeman
29:33 Bow Saw
31:31 Husbandry
32:10 Iron Casting
31:57 Chain Barding Armor
34:27 Imperial Age
32:28 Hand Cart
34:19 Gold Shaft Mining
33:33 Loom
33:34 Town Watch
37:27 Town Patrol
37:44 Caravan
39:24 Blast Furnace
39:00 Plate Barding Armor
38:41 Cavalier
40:07 Paladin
44:01 Chemistry
42:48 Arrowslits
43:14 Fortified Wall
42:59 Murder Holes
43:15 Masonry
42:46 Treadmill Crane
43:20 Chivalry
48:52 Conscription
49:09 Hoardings
54:08 Architecture
53:45 Siege Engineers
Hussar
18:56 Feudal Age
20:41 Wheelbarrow
20:00 Stone Mining
20:01 Gold Mining
19:54 Horse Collar
20:03 Double-Bit Axe
27:43 Castle Age
26:50 Bloodlines
27:47 Scale Barding Armor
27:53 Forging
28:28 Husbandry
27:49 Light Cavalry
30:24 Iron Casting
30:10 Chain Barding Armor
30:47 Stone Shaft Mining
30:16 Heavy Plow
30:34 Bow Saw
30:45 Hand Cart
31:10 Caravan
38:47 Imperial Age
38:49 Cavalier
39:36 Szlachta Privileges
39:52 Conscription
41:02 Blast Furnace
55:49 Elite Obuch
56:56 Scale Mail Armor
do.minhdes
14:44 Feudal Age
15:11 Horse Collar
16:20 Double-Bit Axe
18:05 Gold Mining
18:58 Stone Mining
21:15 Wheelbarrow
20:29 Town Watch
24:09 Castle Age
22:17 Fishing Lines
23:31 Loom
25:14 Arson
26:08 Hand Cart
25:56 Town Patrol
26:09 Bow Saw
26:38 Gold Shaft Mining
26:39 Stone Shaft Mining
28:04 Heavy Plow
29:01 Coinage
29:51 Forging
29:42 Scale Mail Armor
29:48 Scale Barding Armor
29:38 Fletching
29:49 Padded Archer Armor
31:37 Light Cavalry
32:29 Bloodlines
32:21 Husbandry
38:03 Imperial Age
36:45 Iron Casting
37:34 Grand Trunk Road
38:54 Chain Mail Armor
39:01 Chain Barding Armor
38:38 Bodkin Arrow
39:19 Masonry
39:31 Ballistics
39:19 Siege Engineers
41:03 Murder Holes
41:21 Fortified Wall
42:16 Chemistry
44:15 Two-Man Saw
43:37 Clinker Construction
43:38 Careening
43:21 Guard Tower
43:13 Man-at-Arms
46:24 Blast Furnace
46:01 Plate Barding Armor
46:08 Leather Archer Armor
46:03 Heavy Camel Rider
46:14 Pikeman
48:15 Carvel Hull
49:58 Imperial Camel Rider
50:50 Squires
52:49 Ring Archer Armor
52:20 Bracer
53:04 Banking
58:37 Fervor
duchuy2442
11:04 Feudal Age
11:57 Double-Bit Axe
14:28 Gold Mining
15:38 Fletching
16:00 Forging
21:02 Castle Age
21:45 Horse Collar
22:21 Fletching
23:09 Husbandry
25:12 Heavy Plow
26:30 Iron Casting
27:36 Stone Mining
28:11 Scale Barding Armor
28:02 Bodkin Arrow
28:31 Ballistics
29:24 Chain Barding Armor
31:25 Bow Saw
32:22 Padded Archer Armor
33:01 Gold Shaft Mining
37:51 Imperial Age
35:59 Wheelbarrow
36:17 Leather Archer Armor
36:07 Town Watch
38:04 Town Patrol
38:42 Stone Shaft Mining
39:18 Conscription
40:10 Chemistry
39:23 Bracer
39:54 Ring Archer Armor
41:13 Double Crossbow
43:16 Crop Rotation
42:15 Elite Ballista Elephant
43:00 Tusk Swords
44:34 Bloodlines
52:03 Elite Battle Elephant
53:31 Plate Barding Armor
56:48 Blast Furnace
miniman17
4:16 Loom
11:29 Feudal Age
12:46 Wheelbarrow
11:56 Town Watch
11:57 Double-Bit Axe
18:25 Forging
19:15 Stone Mining
19:15 Gold Mining
19:32 Horse Collar
24:02 Castle Age
22:21 Fletching
23:09 Scale Barding Armor
25:11 Hand Cart
25:29 Gambesons
25:44 Squires
26:23 Heavy Plow
27:20 Bow Saw
28:38 Crossbowman
29:51 Ballistics
30:46 Gold Shaft Mining
30:16 Squires
31:13 Town Patrol
31:00 Treadmill Crane
32:15 Masonry
31:34 Pikeman
33:38 Yeomen
33:31 Bodkin Arrow
33:42 Padded Archer Armor
33:54 Arson
33:35 Light Cavalry
34:53 Husbandry
36:12 Iron Casting
35:52 Leather Archer Armor
35:47 Scale Mail Armor
41:14 Imperial Age
39:42 Chain Barding Armor
39:39 Leather Archer Armor
40:56 Chain Mail Armor
42:01 Murder Holes
42:41 Conscription
41:47 Arbalester
43:49 Chemistry
42:36 Halberdier
45:07 Hoardings
45:11 Bracer
47:52 Plate Mail Armor
48:22 Blast Furnace
52:38 Plate Barding Armor
52:34 Ring Archer Armor
53:30 Two-Man Saw
Connection lost

Rejoining the realm…

Still unreachable

The connection could not be restored.

Session expired

The server has moved on; the page needs a fresh start.